AoeStats
← Carrillo

Oasis

510100275Analyzed
3v3 RM · 1d ago on Sep 29, 2026· 56m 40s· 6 players
Game mode
Random Map
Map size
Normal (6 player)
Population
200
Speed
Normal
Resources
Standard
Victory
Conquest
Starting age
Dark Age
Ending age
Imperial Age
RankedLock teamsTeams togetherTeam positionsShared explorationLock speedFull tech treeHidden civsTurbo modeCheats
Victory
Defeat
🇪🇸 Magyars · Spain
1075
+10
🇪🇸 Italians · Spain
931
+16
🇩🇪 Gurjaras · Germany
911
+16
964
-15
🇨🇳 Huns · China
925
-14
🇻🇳 Franks · Vietnam
897
-13
Wu
10:47 Feudal Age
16:38 Castle Age
15:53 Double-Bit Axe
22:59 Stone Mining
27:10 Bow Saw
26:43 Horse Collar
32:32 Wheelbarrow
34:37 Imperial Age
33:38 Padded Archer Armor
33:28 Fletching
34:54 Leather Archer Armor
36:09 Wheelbarrow
36:03 Heavy Cavalry Archer
37:08 Parthian Tactics
38:21 Bodkin Arrow
39:41 Two-Man Saw
40:11 Ballistics
40:52 Chemistry
44:45 Loom
45:16 Hand Cart
46:24 Gold Mining
49:47 Hand Cart
49:42 Caravan
51:59 Gold Shaft Mining
51:51 Husbandry
52:01 Bloodlines
53:58 Arson
54:14 Squires
53:34 Pikeman
54:33 Scale Mail Armor
KPLの最强伝説!名刀の
10:56 Feudal Age
14:45 Castle Age
12:59 Double-Bit Axe
15:37 Bow Saw
16:06 Horse Collar
22:10 Loom
23:18 Heavy Plow
25:38 Fletching
26:41 Gold Mining
35:11 Imperial Age
33:23 Stone Mining
34:09 Gold Shaft Mining
34:06 Ballistics
35:21 Wheelbarrow
36:18 Town Watch
36:52 Bodkin Arrow
36:58 Padded Archer Armor
37:42 Squires
37:05 Pikeman
39:09 Gambesons
38:52 Halberdier
40:41 Hand Cart
41:56 Town Patrol
42:47 Conscription
43:47 Chemistry
43:12 Caravan
43:21 Elite Longbowman
43:58 Gambesons
44:28 Bracer
47:39 Leather Archer Armor
47:36 Forging
47:27 Scale Mail Armor
48:27 Hoardings
49:59 Yeomen
52:18 Ring Archer Armor
52:03 Chain Mail Armor
52:23 Iron Casting
51:57 Scale Barding Armor
52:42 Treadmill Crane
53:08 Warwolf
55:16 Plate Mail Armor
dangcongtien.thcslb
10:17 Feudal Age
15:38 Castle Age
13:53 Double-Bit Axe
20:44 Wheelbarrow
28:58 Imperial Age
27:12 Hand Cart
27:53 Forging
27:49 Scale Barding Armor
28:14 Gold Mining
28:25 Stone Mining
28:47 Arson
29:39 Iron Casting
28:52 Treadmill Crane
29:40 Husbandry
30:08 Chain Barding Armor
29:39 Fletching
29:13 Cavalier
30:40 Gold Shaft Mining
31:23 Chemistry
32:29 Blast Furnace
32:22 Plate Barding Armor
34:00 Paladin
34:43 Chivalry
35:14 Conscription
34:54 Bodkin Arrow
48:45 Light Cavalry
50:08 Hoardings
51:13 Caravan
51:44 Coinage
55:12 Banking
Carrillo
12:48 Feudal Age
15:14 Horse Collar
15:24 Double-Bit Axe
22:31 Castle Age
20:25 Fletching
20:37 Padded Archer Armor
21:59 Loom
22:20 Scale Mail Armor
22:31 Forging
23:48 Caravan
23:50 Bodkin Arrow
24:11 Leather Archer Armor
24:13 Heavy Plow
24:30 Bow Saw
25:04 Chain Mail Armor
25:24 Murder Holes
25:12 Treadmill Crane
25:43 Masonry
26:54 Ballistics
29:43 Silk Road
32:41 Thumb Ring
36:07 Imperial Age
33:24 Town Watch
35:28 Iron Casting
38:02 Bracer
38:33 Ring Archer Armor
42:07 Hoardings
42:31 Plate Mail Armor
43:03 Blast Furnace
45:48 Conscription
45:44 Arson
47:40 Hoardings
48:37 Blast Furnace
Pr8feSS8r
11:57 Feudal Age
14:49 Wheelbarrow
14:48 Double-Bit Axe
17:09 Castle Age
15:11 Horse Collar
18:37 Bow Saw
19:07 Heavy Plow
19:05 Stone Mining
19:19 Loom
20:37 Hand Cart
21:40 Man-at-Arms
24:24 Gold Mining
25:07 Fletching
27:49 Corvinian Army
28:54 Bodkin Arrow
30:00 Scale Barding Armor
31:15 Gold Shaft Mining
30:59 Bloodlines
32:08 Town Watch
33:28 Chain Barding Armor
34:46 Ballistics
34:48 Murder Holes
38:33 Imperial Age
38:45 Treadmill Crane
38:40 Elite Magyar Huszar
39:56 Plate Barding Armor
40:28 Two-Man Saw
40:00 Crop Rotation
39:33 Bracer
39:47 Masonry
40:00 Conscription
40:40 Hoardings
41:44 Husbandry
47:59 Chemistry
crazy-kurs
10:50 Feudal Age
11:20 Double-Bit Axe
11:21 Horse Collar
15:13 Gold Mining
22:14 Castle Age
21:40 Forging
21:33 Padded Archer Armor
24:41 Bow Saw
24:34 Heavy Plow
25:41 Stone Mining
26:28 Gold Shaft Mining
29:47 Imperial Age
28:23 Leather Archer Armor
28:53 Town Watch
29:55 Stone Shaft Mining
30:08 Town Patrol
29:54 Treadmill Crane
31:47 Forging
31:43 Scale Barding Armor
32:58 Kshatriyas
34:33 Elite Chakram Thrower
37:32 Chemistry
37:37 Iron Casting
37:28 Conscription
37:44 Husbandry
37:54 Bloodlines
38:07 Heavy Camel Rider
39:23 Bloodlines
40:29 Chain Barding Armor
52:36 Frontier Guards
Connection lost

Rejoining the realm…

Still unreachable

The connection could not be restored.

Session expired

The server has moved on; the page needs a fresh start.